 Dungeon Crawl Stone Soup version 0.30.0-30-g96aa6591b8 (webtiles) character file.

Game seed: 4481956715022332780

244937 DemonSlayer the Unseen (level 19, -5/154 HPs)
             Began as a Demonspawn Earth Elementalist on June 30, 2023.
             Was the Champion of Dithmenos.
             Killed from afar by a deep elf annihilator (57 damage)
             ... with an iron shot
             ... on level 3 of the Elven Halls.
             The game lasted 02:21:50 (42072 turns).

DemonSlayer the Unseen (DsEE)                      Turns: 42072, Time: 02:21:51

Health: -5/154     AC: 28    Str:  6    XL:     19   Next: 16%
Magic:  41/48      EV: 20    Int: 20    God:    Dithmenos [******]
Gold:   4317       SH:  0    Dex: 30    Spells: 13/51 levels left

rFire   + + .        g - +4 dagger
rCold   . . .        (no shield)
rNeg    . . .        y - +1 robe "Josuiliq" {rElec rF+ rC+ Str+2}
rPois   +            N - +1 helmet of the Beginning {MP+9 Str-5 Int+2 Dex+3}
rElec   +            E - +1 cloak of Words of Power {*Corrode Will+ Dex+7 SInv}
rCorr   .            R - +0 pair of gloves of Meler {rPois rC- Stlth+}
SInv    +            S - +2 pair of boots {rampage}
Will    ++...        F - amulet of magic regeneration Stlth ******++++
                     V - ring of poison resistance
HPRegen 0.45/turn    O - ring "Yredugir" {rF+ AC+4 SInv}
MPRegen 0.71/turn

%: corrode self (3%), rampage
@: sanguine armoured, wreathed by umbra
A: powered by pain 2, robust 2, sanguine armour 3, demonic magic 2, weakness
stinger 2
}: 1/15 runes: decaying
a: Renounce Religion, Shadow Step, Shadow Form


You were on level 3 of the Elven Halls.
You worshipped Dithmenos.
Dithmenos was exalted by your worship.
You visited 7 branches of the dungeon, and saw 31 of its levels.
You also visited: Ossuary, Gauntlet and Ice Cave.

You collected 5332 gold pieces.
You spent 1015 gold pieces at shops.

Inventory:

Hand Weapons
 g - a +4 dagger (weapon)
Missiles
 u - 4 silver boomerangs
 P - 6 curare-tipped darts
Armour
 x - the +5 hat of Beydatz {rCorr Str+2}
   (You found it in a Gauntlet)

   Str:       It affects your strength (+2).
   rCorr:     It protects you from acid and corrosion.
 y - the +1 robe "Josuiliq" (worn) {rElec rF+ rC+ Str+2}
   (You found it on level 1 of the Swamp)

   Str:       It affects your strength (+2).
   rF:        It protects you from fire.
   rC:        It protects you from cold.
   rElec:     It insulates you from electricity.
 E - the +1 cloak of Words of Power (worn) {*Corrode Will+ Dex+7 SInv}
   (You found it on level 2 of the Swamp)

   Dex:       It affects your dexterity (+7).
   SInv:      It lets you see invisible.
   *Corrode:  It may corrode you when you take damage.
   Will:      It increases your willpower.
 N - the +1 helmet of the Beginning (worn) {MP+9 Str-5 Int+2 Dex+3}
   (You found it in an ice cave)

   Str:       It affects your strength (-5).
   Int:       It affects your intelligence (+2).
   Dex:       It affects your dexterity (+3).
   MP:        It affects your magic capacity (+9).
 R - the +0 pair of gloves of Meler (worn) {rPois rC- Stlth+}
   (You acquired it on level 1 of the Lair of Beasts)

   rC:        It makes you vulnerable to cold.
   rPois:     It protects you from poison.
   Stlth:     It makes you more stealthy.
 S - a +2 pair of boots of rampaging (worn)
Jewellery
 j - a ring of ice
 F - an amulet of magic regeneration (around neck)
 O - the ring "Yredugir" (right hand) {rF+ AC+4 SInv}
   (You found it on level 1 of the Lair of Beasts)

   [ring of protection]

   AC:        It affects your AC (+4).
   rF:        It protects you from fire.
   SInv:      It lets you see invisible.
 V - a ring of poison resistance (left hand)
Wands
 i - a wand of mindburst (28)
 m - a wand of flame (101)
 p - a wand of light (10)
 r - a wand of charming (23)
 H - a wand of polymorph (21)
 J - a wand of iceblast (28)
 U - a wand of digging (7)
Scrolls
 a - 3 scrolls of butterflies
 e - 26 scrolls of teleportation
 h - 5 scrolls of immolation
 k - 7 scrolls of vulnerability
 q - 7 scrolls of fog
 v - 3 scrolls of amnesia
 z - a scroll of magic mapping
 A - 2 scrolls of silence
 B - 2 scrolls of fear
 G - 4 scrolls of enchant weapon
 Q - 14 scrolls of identify
 Y - 2 scrolls of poison
Potions
 b - 4 potions of magic
 c - 4 potions of ambrosia
 d - 10 potions of flight
 f - 2 potions of attraction
 l - a potion of cancellation
 o - 11 potions of brilliance
 s - 4 potions of heal wounds
 t - 3 potions of mutation
 w - a potion of berserk rage
 C - 9 potions of might
 K - 5 potions of curing
 L - 2 potions of resistance
 M - 11 potions of lignification
 X - a potion of invisibility
Miscellaneous
 n - a phial of floods
 I - a lightning rod (4/4)
 W - a phantom mirror


   Skills:
 + Level 6.3 Fighting
 + Level 5.7 Short Blades
 + Level 5.0 Polearms
 + Level 0.6 Throwing
 + Level 5.4 Armour
 + Level 7.4 Dodging
 + Level 16.8 Stealth
 + Level 16.7 Spellcasting
 + Level 14.6 Conjurations
 + Level 0.9 Hexes
 + Level 0.8 Transmutations
 + Level 15.7 Earth Magic
 + Level 1.4 Evocations


You had 13 spell levels left.
You knew the following spells:

 Your Spells              Type           Power      Damage    Failure   Level
a - Sandblast             Erth           100%       2d20      0%          1
b - Stone Arrow           Conj/Erth      100%       3d13      1%          3
c - Passwall              Tmut/Erth      40%        N/A       1%          2
d - Swiftness             Air            16%        N/A       11%         3
e - Summon Guardian Gole  Hex/Summ       18%        N/A       9%          3
f - Petrify               Tmut/Erth      49%        N/A       1%          4
g - Mephitic Cloud        Conj/Pois/Air  36%        N/A       1%          3
h - Iskenderun's Mystic   Conj/Tloc      45%        2d10      1%          4
i - Dazzling Flash        Conj/Hex       94%        N/A       1%          3
j - Lehudib's Crystal Sp  Conj/Erth      33%        10d9      41%         8
k - Cause Fear            Hex            10%        N/A       24%         4

Your spell library contained the following spells:

 Spells                   Type           Power      Damage    Failure   Level
 Magic Dart               Conj           100%       1d8       0%          1
 Foxfire                  Conj/Fire      100%       2x1d9     1%          1
 Hailstorm                Conj/Ice       45%        3d10      1%          3
 Animate Armour           Summ/Erth      96%        N/A       1%          4
 Beastly Appendage        Tmut           40%        N/A       2%          1
 Slow                     Hex            80%        N/A       2%          1
 Apportation              Tloc           32%        N/A       3%          1
 Freeze                   Ice            64%        1d7       3%          1
 Necrotise                Necr           64%        1d7       3%          1
 Summon Small Mammal      Summ           64%        N/A       3%          1
 Wereblood                Tmut           20%        N/A       3%          2
 Ensorcelled Hibernation  Hex/Ice        36%        N/A       4%          2
 Fireball                 Conj/Fire      22%        3d10      4%          5
 Call Imp                 Summ           32%        N/A       5%          2
 Cigotuvi's Dreadful Rot  Necr/Pois/Air  32%        N/A       5%          2
 Sublimation of Blood     Necr           16%        N/A       5%          2
 Confusing Touch          Hex            20%        N/A       7%          3
 Spider Form              Tmut/Pois      18%        N/A       9%          3
 Call Canine Familiar     Summ           16%        N/A       11%         3
 Frozen Ramparts          Ice            32%        1d5       11%         3
 Vampiric Draining        Necr           16%        2d7       11%         3
 Volatile Blastmotes      Fire/Tloc      32%        2d12      11%         3
 Statue Form              Tmut/Erth      32%        N/A       19%         6
 Starburst                Conj/Fire      22%        6d8       26%         6
 Anguish                  Hex/Necr       9%         N/A       28%         4
 Animate Dead             Necr           16%        N/A       34%         4
 Manifold Assault         Tloc           16%        N/A       34%         4
 Summon Ice Beast         Ice/Summ       16%        N/A       34%         4
 Silence                  Hex/Air        9%         N/A       61%         5
 Metabolic Englaciation   Hex/Ice        9%         N/A       63%         5
 Agony                    Necr           16%        N/A       67%         5
 Dispersal                Tloc           8%         N/A       99%         6
 Plasma Beam              Fire/Air       8%         2x1d20    99%         6
 Simulacrum               Ice/Necr       8%         N/A       99%         6
 Dragon Form              Tmut           10%        N/A       100%        7
 Enfeeble                 Hex            10%        N/A       100%        7
 Ozocubu's Refrigeration  Ice            8%         4d9       100%        7
 Disjunction              Tloc           8%         N/A       100%        8
 Infestation              Necr           8%         N/A       100%        8
 Dragon's Call            Summ           8%         N/A       100%        9
 Polar Vortex             Ice            8%         N/A       100%        9


Dungeon Overview and Level Annotations

Branches:
Dungeon (15/15)            Temple (1/1) D:6            Lair (5/5) D:11
  Swamp (4/4) Lair:3        Snake (1/4) Lair:3        Slime (0/5) Lair:4
    Orc (2/2) D:12            Elf (3/3) Orc:2        Vaults (0/5) D:14
 Depths (0/4) D:15        Ossuary (visited)           IceCv (visited)
Gauntlet (visited)

Altars:
Ashenzari
Cheibriados
Dithmenos
Fedhas
Gozag
Hepliaklqana
Makhleb
Nemelex Xobeh
Okawaru
Ru
Sif Muna
Trog
Vehumet
Xom
Yredelemnul

Shops:
D:3 ?   D:8 *   D:9 [   Orc:2 ???*   Elf:3 *

Portals:
Trove: D:11 (give +5 demon trident)

Annotations:
Elf:1 6 runed translucent doors


Innate Abilities, Weirdness & Mutations

You sometimes gain power by taking damage.
You are very robust. (+20% HP)
When seriously injured, your blood forms very thick armour. (AC +12)
Spells you cast may paralyse nearby enemies.
You have a tail ending in a sharp stinger.


Message History

Confirm with . or Enter, or press ? or * to list all spells.
Aiming: Stone Arrow (safe; 1% risk of failure)
Press: ? - help, Shift-Dir - straight line, f - deep elf annihilator
Aim: a deep elf annihilator, wielding a +0 long sword and wearing a +0 chain mail (wandering, hasn't noticed you, umbra, 75% to hit)
The stone arrow hits the deep elf annihilator!
The deep elf annihilator is moderately wounded.
The deep elf annihilator shouts!
Malevolent energies surge around you.
Your shadow mimicks your spell!
The shadow shard hits the deep elf annihilator!
Unknown command.
Casting: Stone Arrow (safe; 1% risk of failure)
Confirm with . or Enter, or press ? or * to list all spells.
You don't know that spell.
Unknown command.
Unknown command.
Unknown command.
Casting: Stone Arrow (safe; 1% risk of failure)
Confirm with . or Enter, or press ? or * to list all spells.
Aiming: Stone Arrow (safe; 1% risk of failure)
Press: ? - help, Shift-Dir - straight line, f/p - deep elf annihilator
Aim: a deep elf annihilator, wielding a +0 long sword and wearing a +0 chain mail (heavily wounded, umbra, 75% to hit)
The stone arrow hits the deep elf annihilator!
The deep elf annihilator is severely wounded.
Malevolent energies surge around you.
The deep elf annihilator gestures at you while chanting.
The poison arrow misses you.
Unknown command.
Unknown command.
Casting: Stone Arrow (safe; 1% risk of failure)
Confirm with . or Enter, or press ? or * to list all spells.
Aiming: Stone Arrow (safe; 1% risk of failure)
Press: ? - help, Shift-Dir - straight line, f/p - deep elf annihilator
Aim: a deep elf annihilator, wielding a +0 long sword and wearing a +0 chain mail (severely wounded, umbra, 75% to hit)
The stone arrow hits the deep elf annihilator!
The deep elf annihilator is almost dead.
Malevolent energies surge around you.
The deep elf annihilator gestures at you while chanting.
The iron shot hits you!!!
You die...

#..........)....#......##
#.............)..<......##
#........................#
##........................
##.......................
##.)...................#
#.###e...............##
#.# #.........#.....## #.#
#.@.......###''## ####.#
##........'....# ##....#
##......####..# #..####
##....## #..# ##.## ######
#.## #e.# #.# #.## ##'##
####.# ######...###
###....# #..........##


You could see a deep elf annihilator.

Vanquished Creatures
  the Lernaean hydra (Swamp:4)
  3 deep elf blademasters
  A fenstrider witch (Swamp:2)
  Roxanne (D:15)
  4 deep elf sorcerers
  A frost giant (IceCv)
  2 eleionomae (Swamp:2)
  6 deep elf demonologists
  5 deep elf annihilators (Elf:3)
  3 bunyips
  A dire elephant (D:15)
  Snorg (D:10)
  3 deep elf death magi (Elf:3)
  A white draconian (IceCv)
  Josephine (Orc:1)
  4 deep elf high priests
  2 ice dragons
  The ghost of bairyn the Eclecticist, a journeyman SpRe of Sif Muna (Lair:5)
  7 centaur warriors
  A vault guard (D:14)
  A ghost crab (Swamp:3)
  2 catoblepae
  24 hydras
  An ogre mage (D:11)
  An anaconda (Snake:1)
  13 alligators
  3 boulder beetles
  3 two-headed ogres
  36 dancing weapons
  The ghost of monsoonserge the Thaumaturge, a journeyman DjFE of Gozag (D:10)
  6 death yaks
  3 ironbound frosthearts (IceCv)
  2 naga warriors (Snake:1)
  4 orc high priests
  A vampire mage (Swamp:3)
  Sonja (D:13)
  29 deep elf knights
  2 skysharks
  A shock serpent (Snake:1)
  3 skeletal warriors (D:14)
  A fire crab (Gauntlet)
  9 goliath frogs
  9 swamp dragons
  5 spriggan druids
  16 bog bodies
  A wizard (D:14)
  An orange crystal statue (IceCv)
  A necromancer (D:14)
  15 deep elf archers
  A lindwurm (Lair:5)
  A spriggan simulacrum (Elf:1)
  7 orc knights
  42 deep elf pyromancers
  27 deep elf zephyrmancers
  2 salamanders
  23 ugly things
  3 will-o-the-wisps
  2 manticores (D:15)
  7 orc sorcerers
  2 wolf spiders
  4 cyclopes
  A guardian serpent (shapeshifter) (D:14)
  Maurice (D:8)
  An ice statue (Lair:1)
  10 black mambas
  10 elephants
  22 cane toads
  2 smoke demons (Gauntlet)
  2 guardian serpents
  A hellion (Gauntlet)
  6 torpor snails (Lair:5)
  2 kobold demonologists (D:10)
  22 rime drakes
  4 ice devils (Lair:1)
  12 komodo dragons
  20 polar bears
  A troll (D:13)
  13 tyrant leeches
  20 hornets
  A bloated husk (Swamp:1)
  10 blink frogs
  A red devil (Gauntlet)
  A raiju (shapeshifter) (Elf:2)
  5 air elementals
  5 slime creatures (D:12)
  8 wraiths
  A centaur simulacrum (D:15)
  12 spriggans
  22 humans (D:14)
  58 yaks
  2 fire bats (Gauntlet)
  A vampire (D:13)
  2 water elementals
  2 shadows
  A dire elephant simulacrum (Lair:1)
  3 fire elementals
  12 wyverns
  A steam dragon (Lair:3)
  6 basilisks
  2 minotaur simulacra (Elf:1)
  10 vampire mosquitoes
  5 redbacks (Lair:5)
  2 harpy simulacra (Elf:1)
  A warg (Orc:1)
  2 acid dragons
  6 nagas
  A hell hound (Gauntlet)
  19 swamp worms
  29 water moccasins
  11 swamp drakes
  A floating eye (D:11)
  A sky beast (D:8)
  6 ice beasts
  An alligator simulacrum (Elf:1)
  3 black bears
  5 ogres
  11 centaurs
  19 orc warriors
  15 wolves
  3 phantoms
  An elf zombie (Ossuary)
  3 kobold brigands
  A gnoll sergeant (D:6)
  15 bullfrogs
  A deep troll simulacrum (Elf:1)
  3 two-headed ogre simulacra (Lair:1)
  4 earth elementals
  10 wights
  A lindwurm simulacrum (Elf:1)
  25 killer bees
  A howler monkey (D:10)
  2 electric eels
  A centaur zombie (Ossuary)
  3 crimson imps (Gauntlet)
  A jelly (D:4)
  2 gnoll boudas
  2 hounds
  18 orc priests
  2 human zombies (Ossuary)
  2 iguanas
  A sleepcap (D:5)
  26 orc wizards
  2 mummies (Ossuary)
  17 gnolls
  11 adders
  A naga simulacrum (Lair:1)
  4 white imps
  An adder zombie (Ossuary)
  A worm (D:4)
  7 dart slugs
  84 orcs
  7 bats
  5 endoplasms
  7 giant cockroaches
  6 goblins
  12 hobgoblins
  8 jackals
  7 quokkas
  5 ball pythons
  4 frilled lizards
  2 goblin zombies (Ossuary)
  16 hobgoblin zombies (Ossuary)
  A jackal zombie (Ossuary)
  16 kobolds
  6 kobold zombies (Ossuary)
  5 orc zombies (Ossuary)
  5 rats
  A rat zombie (Ossuary)
1188 creatures vanquished.

Vanquished Creatures (others)
  A bloated husk (Swamp:1)
  A troll simulacrum (Lair:1)
  2 orcs (Elf:1)
  2 foxfires (Swamp:2)
6 creatures vanquished.

Grand Total: 1194 creatures vanquished

Notes
Turn   | Place    | Note
-------+----------+-------------------------------------------
     0 | D:1      | DemonSlayer the Demonspawn Earth Elementalist began the
                  | quest for the Orb.
     0 | D:1      | Reached XP level 1. HP: 13/13 MP: 3/3
   241 | D:1      | Gained mutation: Spells you cast may paralyse adjacent
                  | enemies. [demonic ancestry]
   241 | D:1      | Reached XP level 2. HP: 19/19 MP: 3/5
   832 | D:1      | Reached XP level 3. HP: 24/24 MP: 3/6
  1076 | D:1      | Found a faded altar of an unknown god.
  1355 | D:1      | Learned a level 3 spell: Stone Arrow
  1358 | D:1      | Learned a level 2 spell: Passwall
  1572 | D:2      | Gained mutation: You sometimes gain a little power by
                  | taking damage. [demonic ancestry]
  1572 | D:2      | Reached XP level 4. HP: 30/30 MP: 4/8
  2212 | D:2      | Learned a level 3 spell: Swiftness
  2223 | D:3      | Found Dad Xain's Magic Scroll Emporium.
  2247 | D:3      | Bought a scroll of blinking for 90 gold pieces
  2247 | D:3      | Bought a scroll of identify for 24 gold pieces
  3247 | D:3      | Bought a scroll of teleportation for 36 gold pieces
  3247 | D:3      | Bought a scroll of identify for 24 gold pieces
  3325 | D:4      | Gained mutation: Spells you cast may paralyse nearby
                  | enemies. [demonic ancestry]
  3325 | D:4      | Reached XP level 5. HP: 36/36 MP: 6/10
  3373 | D:4      | Reached skill level 1 in Short Blades
  3622 | D:4      | Reached XP level 6. HP: 42/42 MP: 7/11
  3850 | D:4      | Learned a level 3 spell: Summon Guardian Golem
  3883 | D:5      | Entered Level 5 of the Dungeon
  4221 | D:5      | Found a sand-covered staircase.
  4228 | Ossuary  | Entered an ossuary
  4706 | Ossuary  | Reached XP level 7. HP: 46/47 MP: 8/13
  5418 | D:3      | Bought a scroll of blinking for 90 gold pieces
  5456 | D:6      | Found a staircase to the Ecumenical Temple.
  5467 | D:6      | Reached skill level 5 in Earth Magic
  5474 | Temple   | Entered the Ecumenical Temple
  5519 | Temple   | Became a worshipper of Dithmenos the Shadowed
  5626 | D:6      | Found a blossoming altar of Fedhas.
  5653 | D:6      | Found a burning altar of Makhleb.
  6139 | D:6      | Reached skill level 1 in Armour
  6310 | D:6      | Reached skill level 5 in Spellcasting
  6638 | D:3      | Bought 3 scrolls of identify for 72 gold pieces
  6701 | D:7      | Gained mutation: You sometimes gain power by taking damage.
                  | [demonic ancestry]
  6701 | D:7      | Reached XP level 8. HP: 48/53 MP: 9/15
  6710 | D:7      | HP: 1/53 [orc warrior/+0 halberd (6)]
  7152 | D:7      | Reached * piety under Dithmenos
  7158 | D:7      | Reached skill level 1 in Fighting
  7166 | D:7      | Reached skill level 5 in Stealth
  7346 | D:7      | Learned a level 4 spell: Petrify
  7628 | D:7      | You fall into a shaft and drop 3 floors!
  7628 | D:10     | Entered Level 10 of the Dungeon
  7685 | D:8      | Noticed Maurice
  7766 | D:8      | Found a sparkling altar of Nemelex Xobeh.
  7768 | D:8      | Found a basalt altar of Yredelemnul.
  7804 | D:8      | Gained mutation: When seriously injured, your blood forms
                  | armour. (AC +12) [demonic ancestry]
  7804 | D:8      | Reached XP level 9. HP: 36/59 MP: 18/18
  7918 | D:8      | Reached ** piety under Dithmenos
  8035 | D:8      | Identified the +1 shortbow "Enesetu" {heavy, rElec Will-
                  | Dex+2}
  8052 | D:8      | Found a snail-covered altar of Cheibriados.
  8139 | D:8      | Found a broken altar of Ashenzari.
  8225 | D:8      | Found Ziuso's Serpentskin Sales.
  8342 | D:8      | Got the Dissertation on Calid Shades
  8468 | D:8      | Killed Maurice
  8826 | D:9      | Reached skill level 1 in Conjurations
  9214 | D:9      | Reached XP level 10. HP: 45/67 MP: 21/21
  9544 | D:9      | Found Kyip's Antique Armour Boutique.
  9548 | D:9      | Bought a glowing helmet for 157 gold pieces
  9616 | D:9      | Learned a level 3 spell: Mephitic Cloud
  9621 | D:9      | Learned a level 4 spell: Iskenderun's Mystic Blast
  9789 | D:10     | Noticed Snorg
  9802 | D:10     | Killed Snorg
 10019 | D:10     | Reached *** piety under Dithmenos
 10259 | D:10     | Found a runed translucent door.
 10260 | D:10     | Identified the +6 trident "Xeroklad" {elec, rPois Str+2
                  | Int+3 SInv}
 10262 | D:10     | Noticed a spriggan rider
 10262 | D:10     | Noticed monsoonserge's ghost (journeyman DjFE)
 10948 | D:11     | Found a portal to a secret trove of treasure.
 11106 | D:11     | Found a gate leading to a gauntlet.
 11125 | Gauntlet | Entered a Gauntlet
 11125 | Gauntlet | Noticed a sixfirhy
 11125 | Gauntlet | Noticed a smoke demon
 11125 | Gauntlet | Found a runed translucent door.
 11125 | Gauntlet | Found a transporter.
 11125 | Gauntlet | Found a runed translucent door.
 11125 | Gauntlet | Found a transporter.
 11125 | Gauntlet | Found a transporter.
 11126 | Gauntlet | Found a transporter.
 11127 | Gauntlet | Found a transporter.
 11130 | Gauntlet | Found a transporter.
 11137 | Gauntlet | Noticed a fire crab
 11138 | Gauntlet | Found a transporter.
 11138 | Gauntlet | Found a transporter.
 11139 | Gauntlet | Found a transporter.
 11141 | Gauntlet | Found a transporter.
 11145 | Gauntlet | Found a runed translucent door.
 11146 | Gauntlet | Noticed a smoke demon
 11149 | Gauntlet | Found a transporter.
 11149 | Gauntlet | Found a transporter.
 11159 | Gauntlet | Noticed a reaper
 11249 | Gauntlet | Found a runed translucent door.
 11479 | Gauntlet | Gained mutation: You have a small tail. [demonic ancestry]
 11479 | Gauntlet | Reached XP level 11. HP: 73/73 MP: 15/23
 11552 | Gauntlet | Killed a fire crab
 11720 | Gauntlet | Identified a scroll of acquirement
 11720 | Gauntlet | Acquired 709 gold pieces
 11748 | Gauntlet | Identified the +5 hat of Beydatz {rCorr Str+2}
 11879 | Gauntlet | Identified the +1 short sword of Trauma {pain, MP+9 Dex+2}
 11929 | Gauntlet | Identified the +3 chain mail of the Mantidfly {+Blink
                  | Dex+3}
 11929 | Gauntlet | Noticed a minotaur
 12081 | D:11     | Reached **** piety under Dithmenos
 12084 | D:11     | Noticed a two-headed ogre
 12085 | D:11     | Reached skill level 1 in Evocations
 12105 | D:11     | Killed a two-headed ogre
 12112 | D:11     | Reached skill level 10 in Stealth
 12287 | D:11     | Noticed an ogre mage
 12290 | D:11     | Killed an ogre mage
 12575 | D:11     | Found a staircase to the Lair.
 12586 | D:11     | Identified the staff of death "Vualoefemn" {rN+ Dex+2}
 12692 | D:11     | Learned a level 3 spell: Dazzling Flash
 12748 | Lair:1   | Entered Level 1 of the Lair of Beasts
 12799 | Lair:1   | Reached skill level 5 in Conjurations
 12799 | Lair:1   | Reached XP level 12. HP: 55/81 MP: 25/25
 12974 | Lair:1   | Reached skill level 10 in Spellcasting
 13038 | Lair:1   | Reached ***** piety under Dithmenos
 13149 | Lair:1   | Noticed a death yak
 13158 | Lair:1   | Killed a death yak
 13388 | Lair:1   | Reached skill level 10 in Earth Magic
 13683 | Lair:1   | Noticed a catoblepas
 13689 | Lair:1   | Killed a catoblepas
 14095 | Lair:1   | Identified the ring "Yredugir" {rF+ AC+4 SInv}
 15145 | Lair:3   | Found a staircase to the Snake Pit.
 15264 | Lair:3   | Noticed a death yak
 15264 | Lair:3   | Noticed a death yak
 15266 | Lair:3   | Noticed a death yak
 15273 | Lair:3   | Killed a death yak
 15274 | Lair:3   | Gained mutation: You have a tail ending in a sharp stinger.
                  | [demonic ancestry]
 15274 | Lair:3   | Reached XP level 13. HP: 73/88 MP: 16/27
 15405 | Lair:3   | Found a staircase to the Swamp.
 16005 | Lair:3   | Learned a level 8 spell: Lehudib's Crystal Spear
 16413 | Lair:4   | Found a staircase to the Slime Pits.
 17087 | Lair:5   | Entered Level 5 of the Lair of Beasts
 17103 | Lair:5   | Found a transporter.
 17118 | Lair:5   | Found a transporter.
 17186 | Lair:5   | Reached ****** piety under Dithmenos
 17499 | Lair:5   | Gained mutation: When seriously injured, your blood forms
                  | thick armour. (AC +12) [demonic ancestry]
 17499 | Lair:5   | Reached XP level 14. HP: 62/95 MP: 28/29
 17593 | Lair:5   | Identified the +6 war axe of Vodka {vamp, Str+2}
 17618 | Lair:5   | Reached skill level 5 in Short Blades
 17746 | Lair:5   | Noticed bairyn's ghost (journeyman SpRe)
 19509 | D:12     | Found a staircase to the Orcish Mines.
 20270 | D:13     | Noticed Sonja
 20274 | D:13     | Killed Sonja
 20561 | D:13     | Acquired a +1 pair of boots of rampaging
 20568 | D:13     | Acquired 737 gold pieces
 20921 | D:10     | Killed monsoonserge's ghost
 21198 | D:15     | Entered Level 15 of the Dungeon
 21400 | D:15     | Noticed Roxanne
 21704 | D:15     | Reached XP level 15. HP: 81/101 MP: 13/31
 21735 | D:15     | Found a staircase to the Depths.
 22269 | D:15     | Killed Roxanne
 22334 | D:15     | Found an opulent altar of Gozag.
 22516 | D:14     | Reached skill level 10 in Conjurations
 22803 | D:14     | Reached skill level 1 in Polearms
 22904 | D:14     | Found a gate to the Vaults.
 23179 | D:14     | Learned a level 4 spell: Cause Fear
 24785 | Lair:5   | Killed bairyn's ghost
 24983 | Lair:5   | Found a runed translucent door.
 25062 | Lair:5   | Paralysed by a hornet for 3 turns
 25069 | Lair:5   | Reached skill level 5 in Fighting
 25208 | Lair:5   | Reached skill level 5 in Dodging
 25777 | Orc:1    | Entered Level 1 of the Orcish Mines
 25961 | Orc:1    | Noticed Josephine
 25978 | Orc:1    | Killed Josephine
 26153 | Orc:1    | Reached skill level 15 in Stealth
 26355 | Orc:2    | Entered Level 2 of the Orcish Mines
 26785 | Orc:2    | Found a staircase to the Elven Halls.
 26932 | Orc:2    | Found Deokkuaghy's Assorted Antiques.
 27114 | Orc:2    | Found Uceyg's Magic Scroll Boutique.
 27118 | Orc:2    | Found Lugera's Magic Scroll Boutique.
 27125 | Orc:2    | Bought a scroll of enchant weapon for 97 gold pieces
 27125 | Orc:2    | Bought a scroll of fog for 52 gold pieces
 27125 | Orc:2    | Bought a scroll of fear for 52 gold pieces
 27139 | Orc:2    | Found Pusibem's Magic Scroll Shoppe.
 27145 | Orc:2    | Bought a scroll of fog for 52 gold pieces
 27145 | Orc:2    | Bought a scroll of fear for 52 gold pieces
 27147 | Orc:2    | Bought a scroll of teleportation for 45 gold pieces
 27147 | Orc:2    | Bought a scroll of fear for 60 gold pieces
 27147 | Orc:2    | Bought a scroll of enchant weapon for 112 gold pieces
 27854 | Swamp:1  | Entered Level 1 of the Swamp
 27890 | Swamp:1  | Reached XP level 16. HP: 65/109 MP: 6/33
 28035 | Swamp:1  | Identified the +1 robe "Josuiliq" {rElec rF+ rC+ Str+2}
 28864 | Swamp:2  | Identified the +1 cloak of Words of Power {*Corrode Will+
                  | Dex+7 SInv}
 29244 | Swamp:2  | Found a sacrificial altar of Ru.
 30298 | Swamp:4  | Entered Level 4 of the Swamp
 30911 | Swamp:4  | Gained mutation: When seriously injured, your blood forms
                  | very thick armour. (AC +12) [demonic ancestry]
 30911 | Swamp:4  | Reached XP level 17. HP: 117/117 MP: 24/35
 31088 | Swamp:4  | Noticed the 27-headed Lernaean hydra
 31090 | Swamp:4  | Killed the 27-headed Lernaean hydra
 31143 | Swamp:4  | Got a decaying rune of Zot
 31659 | Snake:1  | Entered Level 1 of the Snake Pit
 31780 | Snake:1  | HP: 5/117 [poisoned by a black mamba]
 32478 | Lair:1   | Acquired the +0 pair of gloves of Meler {rPois rC- Stlth+}
 32949 | Elf:1    | Entered Level 1 of the Elven Halls
 32955 | Elf:1    | Paralysed by an air elemental for 1 turns
 33013 | Elf:1    | Reached skill level 5 in Armour
 33087 | Elf:1    | Found a frozen archway.
 33113 | IceCv    | Entered an ice cave
 33832 | IceCv    | Reached skill level 15 in Spellcasting
 34125 | IceCv    | Identified the +1 helmet of the Beginning {MP+9 Str-5 Int+2
                  | Dex+3}
 34383 | IceCv    | Got the Folio of the Mackerel
 35658 | Elf:1    | Found a runed translucent gate.
 35658 | Elf:1    | Found a runed translucent gate.
 35658 | Elf:1    | Found a runed translucent gate.
 35658 | Elf:1    | Found a runed translucent gate.
 35658 | Elf:1    | Found a runed translucent gate.
 35663 | Elf:1    | Gained mutation: You are robust. (+10% HP) [demonic
                  | ancestry]
 35663 | Elf:1    | Reached XP level 18. HP: 107/135 MP: 29/37
 35687 | Elf:1    | Found a runed translucent gate.
 36119 | Elf:2    | Reached skill level 5 in Polearms
 36413 | Elf:2    | Paralysed by an air elemental for 1 turns
 36533 | Elf:2    | Found a radiant altar of Vehumet.
 36691 | Elf:2    | Found a runed translucent gate.
 36691 | Elf:2    | Found a runed translucent gate.
 36691 | Elf:2    | Found a runed translucent gate.
 36948 | Elf:2    | Reached skill level 15 in Earth Magic
 38671 | Elf:3    | Entered Level 3 of the Elven Halls
 39317 | Elf:3    | Paralysed by an air elemental for 1 turns
 39966 | Elf:3    | Found Hemaen's General Store.
 40438 | Elf:3    | Gained mutation: You are very robust. (+20% HP) [demonic
                  | ancestry]
 40438 | Elf:3    | Reached XP level 19. HP: 119/153 MP: 38/39
 40451 | Elf:3    | Noticed a Tzitzimitl
 41043 | Elf:3    | Identified the ring "Axipp" {Fly rElec Str+6 Dex-2}
 41045 | Elf:3    | Identified the +5 broad axe "Raddip" {spect, Str+4}
 41045 | Elf:3    | Identified the amulet "Resatsyc" {Regen+ MP+9}
 41354 | Elf:3    | Identified the +5 spear of the Peculiar Leylines {heavy,
                  | rCorr Int-4 Dex+3 Stlth+}
 42072 | Elf:3    | Killed from afar by a deep elf annihilator

Illustrated notes

Levels and vault maps discovered:
D:1:      saegor_arrival_under_anarchy, layout_loops_corners,
          shapermc_ecumenical_altar_flowoftime
D:2:      kennysheep_six_static_rooms, layout_rooms, minmay_pentomino_pile
D:3:      layout_basic, serial_shops, shop_fountains, minmay_hedge_maze,
          minmay_misc_feat_room, dk_noncrumbling_3
D:4:      layout_rooms
D:5:      layout_loops_cross, nicolae_ossuary_entry_plus,
          ebering_dispersal_statue_hall, hangedman_decor_opposing
D:6:      hellmonk_ruined_rings, layout_rooms,
          mainiacjoe_overflow_large_starburst, minmay_temple_entry_butterflies
D:7:      layout_loops_ring
D:8:      layout_basic, grunt_temple_overflow_open, nicolae_ashenzari_skybound,
          kennysheep_flooded_box, guppyfry_shop_venom, uniq_maurice
D:9:      layout_roguey, serial_shops, nicolae_shop_back_alley_shop
D:10:     layout_roguey, ebering_ghost_funeral_grove, eino_jars, uniq_snorg
D:11:     hellmonk_paralyzer, layout_basic, hellmonk_lair_entry_icy,
          gauntlet_entry_generic, enter_trove_1
D:12:     layout_gridville, hiddenorc1_lemuel
D:13:     layout_roguey, serial_co_window_serial, co_window_paths_b,
          co_window_corner_a, co_window_paths_a, co_window_paths_b,
          co_window_of_opportunity_a, co_window_of_opportunity_b,
          co_window_cross_2, co_window_broadway_b, co_window_unsneaky_path_b,
          glass_columns_c, glass_columns_c, glass_columns_c, glass_columns_a,
          glass_columns_b, uniq_sonja
D:14:     layout_rooms, grunt_vaults_entry_tiered
D:15:     hangedman_depths_entry_try_elsewhere_first, layout_loops_cross,
          grunt_gozag_breadcrumbs, kennysheep_pointless_box, uniq_roxanne
Temple:   nicolae_temple_elliptical
Lair:1:   dreamdust_isle_of_ice, layout_gridlike, beast_lair_carwin_1
Lair:2:   layout_concentric_octagons, basic_altar, grunt_megastairs_4
Lair:3:   layout_roguey, nicolae_swamp_entry_splash_gauntlet,
          minmay_snake_entry_guardpost_small, grunt_megastairs_3
Lair:4:   layout_long_grid, slime_entry_1, infiniplex_staircase_pool_2,
          grunt_megastairs_2
Lair:5:   wormcave, layout_cave_pods, hangedman_lair_tendril_chambers,
          nzn_ghost_randoct, basic_altar
Swamp:1:  layout_falls_marsh, evilmike_swamp_ruin_house_4, swamp_pool1
Swamp:2:  layout_basic_swamp, nicolae_swamp_godswood
Swamp:3:  layout_basic_swamp, nicolae_swamp_trees_clearing,
          cheibrodos_swamp_pet_leeches
Swamp:4:  grunt_swamp_rune_castle, layout_basic_swamp, swamp_pool4
Snake:1:  layout_gridlike, nicolae_snake_horde_hoard
Orc:1:    cheibrodos_orc_bank, layout_caves, uniq_josephine
Orc:2:    st_orc_elflike, layout_caves
Elf:1:    nicolae_elf_arrival_aired_out, layout_onion_city,
          portal_ice_cave_entry_ice_simulacra, orc_legates, lemuel_flame_loot_1,
          grunt_megastairs_5
Elf:2:    nicolae_elf_blades_splatter_lattice [nooodl_blade_entry_preview],
          layout_geoelf_octagon, basic_altar
Elf:3:    elf_hall_gauntlet_wide, layout_gridlike, serial_shops,
          nicolae_shop_tiny_waterfront, guppyfry_elf_castle

Skill      XL: |  1  2  3  4  5  6  7  8  9 10 11 12 13 14 15 16 17 18 |
---------------+-------------------------------------------------------+-----
Earth Magic    | 3 4 5 6 7 8 9 10 11 12 13 14 15 | 15.7
Stealth        | 2 3 4 5 6 8 10 11 13 14 15 16 | 16.8
Spellcasting   | 3 4 5 6 7 8 9 10 11 12 13 14 15 16 | 16.7
Short Blades   | 1 2 3 4 5 |  5.7
Dodging        | 2 3 4 5 6 7 |  7.4
Armour         | 1 2 3 4 5 |  5.4
Fighting       | 1 2 3 4 5 6 |  6.3
Conjurations   | 2 3 5 6 8 9 10 11 13 14 | 14.6
Evocations     | 1 |  1.4
Polearms       | 3 4 5 |  5.0
Throwing       | |  0.6
Hexes          | |  0.9
Transmutations | |  0.8

Action                     |  1- 3 |  4- 6 |  7- 9 | 10-12 | 13-15 | 16-18 | 19-21 || total
---------------------------+-------+-------+-------+-------+-------+-------+-------++-------
  Melee: Dagger            |    11 |    36 |    64 |    39 |       |    17 |     3 ||   170
         Short sword       |       |       |       |    78 |   129 |       |       ||   207
         Tailslap          |       |       |       |     6 |    38 |    23 |       ||    67
         Trident           |       |       |       |       |   172 |   192 |       ||   364
         Punch             |       |       |       |       |     3 |       |       ||     3
  Throw: Dart              |       |       |       |       |    11 |     2 |       ||    13
   Cast: Sandblast         |    48 |   128 |   137 |    15 |    16 |       |       ||   344
         Stone Arrow       |       |       |    27 |   217 |   627 |   887 |    68 ||  1826
         Summon Guardian G |       |       |       |       |       |     2 |       ||     2
         Mephitic Cloud    |       |       |       |       |       |     1 |       ||     1
  Evoke: Wand              |       |       |     1 |     9 |     3 |     2 |       ||    15
         Phial of floods   |       |       |       |     1 |     1 |       |       ||     2
         Phantom mirror    |       |       |       |       |       |     1 |       ||     1
    Use: Scroll            |     1 |    12 |     6 |    13 |     6 |    12 |     4 ||    54
         Potion            |       |       |     1 |    11 |     2 |     6 |       ||    20
   Stab: Paralysed         |     5 |    21 |    43 |    63 |   126 |    53 |     2 ||   313
         Sleeping          |     4 |     8 |     5 |    34 |    41 |    35 |       ||   127
         Distracted        |       |       |       |       |     2 |     2 |       ||     4
 Armour: Robe              |     7 |     8 |       |       |       |    14 |    15 ||    44
         Leather armour    |       |    16 |    52 |     4 |       |       |       ||    72
         Troll leather arm |       |       |       |    47 |   224 |   339 |       ||   610
  Dodge: Dodged            |    12 |    33 |    92 |   132 |   466 |   528 |    43 ||  1306
